 Dungeon Crawl Stone Soup version 0.30-a0-1066-g63dfefce0d (webtiles) character file.

Game seed: 1726594927655436163

4 dracfodder the Trooper (level 1, 0/14 HPs)
             Began as a Gargoyle Berserker on Apr 12, 2023.
             Was a Follower of Trog.
             Constricted to death by a ball python (1 damage)
             ... on level 1 of the Dungeon.
             The game lasted 00:00:38 (228 turns).

dracfodder the Trooper (Gargoyle Berserker)          Turns: 228, Time: 00:00:39

Health: 0/14       AC:  5    Str: 20    XL:     1   Next: 60%
Magic:  1/1        EV:  8    Int:  7    God:    Trog [*.....]
Gold:   15         SH:  0    Dex:  9    Spells: 0/0 levels left

rFire   . . .      SeeInvis .    a - +0 mace
rCold   . . .      Faith    .    (no shield)
rNeg    + . .      Spirit   .    b - +0 animal skin
rPois   ∞          Reflect  .    (no helmet)
rElec   +          Rampage  .    (no cloak)
rCorr   .                        (no gloves)
Will    .....                    i - +0 pair of boots
Stlth   +                        (no amulet)
HPRegen 0.22/turn                (no ring)
MPRegen 0.07/turn                (no ring)

@: constricted
A: sickness immunity, AC +2, negative energy resistance 1, electricity
resistance, torment resistance 1, petrification resistance
a: Renounce Religion, Berserk


You were on level 1 of the Dungeon.
You worshipped Trog.
Trog was aware of your devotion.
You visited 1 branch of the dungeon, and saw 1 of its levels.

You collected 15 gold pieces.

Inventory:

Hand Weapons
 a - a +0 mace (weapon)
 c - a +0 spear
Armour
 b - a +0 animal skin (worn)
 i - a +0 pair of boots (worn)
Scrolls
 f - a scroll of amnesia {unknown}
 g - a scroll of fear {unknown}
 j - 2 scrolls of vulnerability {unknown}
Potions
 d - a potion of might {unknown}
 e - a potion of heal wounds {unknown}
 h - a potion of brilliance {unknown}


   Skills:
 + Level 3.4 Fighting
 + Level 3.1 Maces & Flails
 + Level 2.2 Armour
 + Level 1.6 Dodging


You couldn't memorise any spells.
You didn't know any spells.
Your spell library was empty.

Dungeon Overview and Level Annotations

Branches:
Dungeon (1/15)

Altars:


Innate Abilities, Weirdness & Mutations

You are immune to sickness and miasma.
Your stone body is resilient. (AC +2)
You are immune to poison.
You resist negative energy. (rN+)
You are resistant to electric shocks. (rElec)
You are resistant to unholy torment.
You are immune to petrification.


Message History

You barely miss the hobgoblin. The ball python closely misses you.
The ball python grabs you. The ball python constricts you.
The hobgoblin hits you but does no damage.
You barely miss the ball python. The ball python barely misses you.
The ball python constricts you.
The hobgoblin hits you but does no damage.
The ball python bites you. The ball python constricts you.
You are too injured to fight recklessly!
You are too injured to fight recklessly!
You are too injured to fight recklessly!
You are too injured to fight recklessly!
You are too injured to fight recklessly!
You are too injured to fight recklessly!
You are too injured to fight recklessly!
You are too injured to fight recklessly!
You are too injured to fight recklessly!
You fail to use your ability.
The hobgoblin hits you but does no damage.
The ball python bites you but does no damage.
The ball python constricts you.
You hit the hobgoblin.
The hobgoblin is severely wounded.
The ball python barely misses you. The ball python constricts you.
The hobgoblin hits you but does no damage.
The ball python closely misses you. The ball python constricts you.
The hobgoblin hits you but does no damage.
You closely miss the hobgoblin.
The hobgoblin is severely wounded.
The ball python bites you but does no damage.
The ball python constricts you. The hobgoblin hits you.
* * * LOW HITPOINT WARNING * * *
You closely miss the hobgoblin.
The hobgoblin is severely wounded.
The ball python bites you but does no damage.
The ball python constricts you.
The hobgoblin hits you but does no damage.
The ball python bites you.
* * * LOW HITPOINT WARNING * * *
The ball python constricts you.
You die...

.......# .####..#
##.#### #..# #.....#
#..## ##..#.....#
##..###... #.....#
######..##... #.....#
........#.[.# #.....#
####..#)#..# #gS...#
#..#.#..#####@....#
#..#....##....$...#
#.............#####
##.#............#
###...............#
..................#
................(...
.#..####...##........
.#.# #####..#......


You could see a hobgoblin and a ball python.

Vanquished Creatures
  A dart slug (D:1)
  An endoplasm (D:1)
2 creatures vanquished.

Vanquished Creatures (others)
  4 toadstools (D:1)
4 creatures vanquished.

Grand Total: 6 creatures vanquished

Notes
Turn   | Place    | Note
-------+----------+-------------------------------------------
     0 | D:1      | dracfodder the Gargoyle Berserker began the quest for the
                  | Orb.
     0 | D:1      | Reached XP level 1. HP: 14/14 MP: 1/1
   228 | D:1      | Constricted to death by a ball python

Illustrated notes

Levels and vault maps discovered:
D:1:      ldierk_walled_garden_2, layout_rooms,
          shapermc_ecumenical_altar_hornbeckon, minivault_5,
          serial_bayou_lagoon_a, chequers_hall_statues_corner_a

Action                     || total
---------------------------++-------
  Melee: Mace              ||    11
 Armour: Animal skin       ||    12
  Dodge: Dodged            ||    11

Table legend: (Time is in decaauts)
 A = Elapsed time spent in this place.
 B = Non-inter-level travel time spent in this place.
 C = Inter-level travel time spent in this place.
 D = Time resting spent in this place.
 E = Time spent auto-exploring this place.
 F = Levels seen in this place.
 G = Mean time per level.
                   A        B        C        D        E       F      G
               +--------+--------+--------+--------+--------+-----+--------+
         Total |    232 |    232 |      0 |      0 |    180 |   1 |  232.0 |
       Dungeon |    232 |    232 |      0 |      0 |    180 |   1 |  232.0 |
               +--------+--------+--------+--------+--------+-----+--------+

Top non-repeatable levels by time:
     D:1: 232 daAuts
